 Dungeon Crawl Stone Soup version 0.27.1-33-g824d729ab1 (webtiles) character file.

Game seed: 1648538384400135475

9 pkoi the Charlatan (level 2, 0/23 HPs)
             Began as a Draconian Artificer on Dec 23, 2021.
             Slain by a kobold (3 damage)
             ... on level 1 of the Dungeon.
             The game lasted 00:00:40 (522 turns).

pkoi the Charlatan (Draconian Artificer)             Turns: 522, Time: 00:00:40

Health: 0/23       AC:  4    Str: 14    XL:     2   Next: 6%
Magic:  2/2        EV: 12    Int: 11    God:
Gold:   13         SH:  0    Dex: 11    Spells: 1/1 levels left

rFire    . . .     SeeInvis .   a - +0 club
rCold    . . .     Faith    .   (no shield)
rNeg     . . .     Spirit   .   (armour unavailable)
rPois    .         Reflect  .   (helmet restricted)
rElec    .         Harm     .   (no cloak)
rCorr    .         Rampage  .   (no gloves)
Will     .....                  (no boots)
Stlth    +.........             (no amulet)
HPRegen  0.07/turn              (no ring)
MPRegen  0.08/turn              (no ring)

@: no status effects
A: AC +4, unfitting armour, cold-blooded
a: no special abilities


You were on level 1 of the Dungeon.
You visited 1 branch of the dungeon, and saw 1 of its levels.

You collected 13 gold pieces.

Inventory:

Hand Weapons
 a - a +0 club (weapon)
Wands
 b - a wand of flame (14) (quivered)
 c - a wand of charming (12)
Potions
 e - a potion of heal wounds {unknown}
Miscellaneous
 d - a piece from Xom's chessboard (15/15)


   Skills:
 - Level 1.1 Fighting
 - Level 2.1 Dodging
 - Level 0.8 Stealth
 + Level 1.7 Unarmed Combat
 - Level 3.0 Evocations


You had one spell level left.
You didn't know any spells.
Your spell library was empty.

Dungeon Overview and Level Annotations

Branches:
Dungeon (1/15)

Altars:

Shops:
D:1 (


Innate Abilities, Weirdness & Mutations

Your plain brown scales are hard. (AC +4)
You cannot fit into any form of body armour.
You are cold-blooded and may be slowed by cold attacks.


Message History

The kobold barely misses you.
You hit the bat.
You kill the bat!
The kobold hits you with a +0 club.
You are too injured to fight recklessly!
You are too injured to fight recklessly!
You are too injured to fight recklessly!
You are too injured to fight recklessly!
You are too injured to fight recklessly!
You are too injured to fight recklessly!
You are too injured to fight recklessly!
You are too injured to fight recklessly!
You are too injured to fight recklessly!
You are too injured to fight recklessly!
You are too injured to fight recklessly!
You are too injured to fight recklessly!
You are too injured to fight recklessly!
You are too injured to fight recklessly!
You are too injured to fight recklessly!
You are too injured to fight recklessly!
Unknown command.
You closely miss the kobold.
The kobold is no longer charmed.
The kobold closely misses you. The kobold barely misses you.
You hit the kobold but do no damage. The kobold hits you with a +0 club.
* * * LOW HITPOINT WARNING * * *
The kobold hits you with a +0 short sword.
* * * LOW HITPOINT WARNING * * *
The kobold misses you.
Unknown command.
You closely miss the kobold.
The kobold hits you with a +0 short sword.
* * * LOW HITPOINT WARNING * * *
The kobold closely misses you.
Unknown command.
Aiming: Charm
Press: ? - help, Shift-Dir - straight line, f/p - kobold
Aim: a kobold, wielding a +0 short sword and quivering stones (chance to affect: 71%)
The kobold struggles to resist.
The kobold hits you but does no damage. The kobold hits you with a +0 club.
You die...

.# .# .# ..# #. .# ..# .
#. .##.# #. #. #.#..#
#..###. #...# #
....#.##K.##############
..##...#@K.##...........†
......[$._.§...........##
#.......§................
##.......§...............
#$......................
.....#...............♣...
.#.#.#..............8....
#.# #...................
#...................


You could see 2 kobolds.

Vanquished Creatures
  A goblin (D:1)
  A hobgoblin (D:1)
  A kobold (D:1)
  3 bats (D:1)
  A frilled lizard (D:1)
7 creatures vanquished.

Vanquished Creatures (collateral kills)
  A hobgoblin (D:1)
1 creature vanquished.

Grand Total: 8 creatures vanquished

Notes
Turn   | Place    | Note
-------+----------+-------------------------------------------
     0 | D:1      | pkoi the Draconian Artificer began the quest for the Orb.
     0 | D:1      | Reached XP level 1. HP: 16/16 MP: 1/1
    28 | D:1      | Found Ylosmuem's Weapon Boutique.
    86 | D:1      | Reached skill level 1 in Unarmed Combat
   468 | D:1      | Found a faded altar of an unknown god.
   494 | D:1      | Reached XP level 2. HP: 17/23 MP: 2/2
   522 | D:1      | Slain by a kobold

Illustrated notes

Levels and vault maps discovered:
D:1:      wander_arrival_lonely_grave, layout_rooms, serial_shops,
          nicolae_shop_stone, ebering_ecumenical_altar_mist,
          columned_hall_lemuel

Skill      XL: |  1 |
---------------+----+-----
Unarmed Combat | 1 |  1.7
Fighting       | |  1.1
Dodging        | |  2.1
Stealth        | |  0.8
Evocations     | |  3.0

Action                   || total
-------------------------++-------
Melee: Club              ||    44
       Tailslap          ||     2
Evoke: Wand              ||     4
Armor: Skin              ||    21
Dodge: Dodged            ||    61
